 Dungeon Crawl Stone Soup version 0.23.1 (webtiles) character file.

Game seed: 17538873718737647475

410 Kairos the Covert (level 6, -1/32 HPs)
             Began as a Vine Stalker Assassin on Mar 10, 2019.
             Killed by divine providence
             ... invoked by an orc priest
              (9 damage)
             ... on level 4 of the Dungeon.
             The game lasted 00:04:31 (2752 turns).

Kairos the Covert (Vine Stalker Assassin)           Turns: 2752, Time: 00:04:32

Health: -1/32      AC:  8    Str: 13    XL:     6   Next: 89%
Magic:  0/7        EV: 12    Int: 16    God:
Gold:   209        SH:  0    Dex: 18    Spells: 5/5 levels left

rFire    . . .     SeeInvis .   s - +3 dagger (venom)
rCold    . . .     Gourm    .   (no shield)
rNeg     . . .     Faith    .   c - +0 robe
rPois    .         Spirit   +   v - +0 helmet
rElec    .         Reflect  .   n - +1 cloak
rCorr    .         Harm     .   (no gloves)
MR       .....                  m - +2 pair of boots
Stlth    +++.......             (no amulet)
HPRegen  0.50/turn              d - +5 ring of intelligence
MPRegen  0.10/turn              p - ring of attention (curse)

@: no status effects
A: fangs 2, regeneration 1, magic shield, antimagic bite, no potion heal 3, rot
immunity
a: no special abilities


You were on level 4 of the Dungeon.
You were hungry.

You visited 1 branch of the dungeon, and saw 4 of its levels.

You collected 209 gold pieces.

Inventory:

Hand Weapons
 a - a +2 dagger
 b - a +0 blowgun
 s - a +3 dagger of venom (weapon)
Missiles
 e - 8 poisoned needles
 f - 2 curare-tipped needles
 o - 3 throwing nets (quivered)
Armour
 c - a +0 robe (worn)
 m - a +2 pair of boots (worn)
 n - a +1 cloak (worn)
 v - a +0 helmet (worn)
Jewellery
 d - a +5 ring of intelligence (left hand)
 p - a cursed ring of attention (right hand)
Wands
 j - a wand of paralysis (2)
Scrolls
 k - a scroll of amnesia
 r - a scroll of fog
Potions
 h - 2 potions of agility
 i - a potion of haste {unknown}
 l - 3 potions of curing
 q - a potion of heal wounds {unknown}
 t - 2 potions of brilliance {unknown}
 u - a potion of magic {unknown}
Comestibles
 g - 10 rations


   Skills:
 + Level 2.6 Fighting
 + Level 3.6 Short Blades
 + Level 2.0 Throwing
 + Level 1.5 Dodging
 + Level 8.1 Stealth


You had 5 spell levels left.
You didn't know any spells.
Your spell library was empty.

Dungeon Overview and Level Annotations

Branches:
Dungeon (4/15)
 Temple: D:4-7

Altars:
Ru


Innate Abilities, Weirdness & Mutations

You have extremely sharp teeth.
Your natural rate of healing is unusually fast.
When hurt, damage is shared between your health and your magic reserves.
Your bite disrupts and absorbs the magic of your enemies.
Potions cannot restore your health.
You are immune to rotting.


Message History

The orc priest resists with some effort.
The orc priest mumbles some strange prayers to Beogh against you.
Pain shoots through your body!
* * * LOW HITPOINT WARNING * * *
You hit the orc priest but do no damage.
The orc priest is poisoned.
You bite the orc priest, but do no damage.
The orc priest closely misses you.
You hit the orc priest.
The orc priest is moderately wounded.
The orc priest miscasts a cantrip.
You hit the orc priest but do no damage.
The orc priest looks as sick as possible!
The orc priest is moderately wounded.
You barely miss the orc priest. You bite the orc priest. You drain its power.
You feel invigorated.
The orc priest is heavily wounded.
The orc priest mumbles some strange prayers to Beogh against you.
Beogh smites you!
You die...

## #.# %# ## #.# #.###.. ##
#.#### #....l.# #.# ##...####
###.......# ..###.......# #..
....... ###.#..##.##.# #/#
....#
#....#.##†##.####.##†..## #
#.#.##.##....@o.O.......#
#.##.#.##.#####)##.###......#
#......##[#####.##.# ....#..#
####.####.....(.##.#.#...# .#
#.# ####.....#.##...## #.#
#.....#.# #... #.# #..(....#
#.<.. #.# #.....### #.###
##.## #.....#


You could see an ogre and an orc priest.

Vanquished Creatures
  An ogre (D:2)
  Crazy Yiuf (D:2)
  Jessica (D:3)
  Ijyb (D:3)
  Natasha (twice) (D:2)
  2 worker ants
  Robin (D:3)
  4 adders
  An ooze (D:2)
  2 worms (D:2)
  A dart slug (D:1)
  3 leopard geckos
  9 orcs
  12 bats
  3 giant cockroaches
  11 goblins
  14 hobgoblins
  11 kobolds
  2 quokkas (D:3)
  A ball python (D:4)
  5 frilled lizards
  3 rats
91 creatures vanquished.

Notes
Turn   | Place    | Note
-------+----------+-------------------------------------------
     0 | D:1      | Kairos the Vine Stalker Assassin began the quest for the
                  | Orb.
     0 | D:1      | Reached XP level 1. HP: 11/11 MP: 2/2
     2 | D:1      | Noticed a gargoyle
     2 | D:1      | Noticed a minotaur
     4 | D:1      | Noticed a draconian
     6 | D:1      | Noticed a felid
     6 | D:1      | Noticed a spriggan
     8 | D:1      | Noticed a naga
    11 | D:1      | Noticed a troll
    11 | D:1      | Noticed an octopode
    13 | D:1      | Noticed a ghoul
    13 | D:1      | Noticed a demonspawn
    15 | D:1      | Noticed a centaur
    17 | D:1      | Noticed a demigod
    17 | D:1      | Noticed a formicid
    19 | D:1      | Noticed a vine stalker
    21 | D:1      | Noticed an ogre
    21 | D:1      | Noticed a human
    23 | D:1      | Noticed a dwarf
    23 | D:1      | Noticed a merfolk
    25 | D:1      | Noticed an elf
    25 | D:1      | Noticed a vampire
    27 | D:1      | Noticed a tengu
    27 | D:1      | Noticed a halfling
   235 | D:1      | Reached skill level 5 in Stealth
   237 | D:1      | Reached XP level 2. HP: 13/15 MP: 3/3
   822 | D:2      | Reached XP level 3. HP: 17/18 MP: 4/4
   827 | D:2      | Reached skill level 6 in Stealth
   849 | D:2      | Noticed Natasha
   852 | D:2      | Killed Natasha
   852 | D:2      | Gained mutation: Your natural rate of healing is unusually
                  | fast. [Vine Stalker growth]
   852 | D:2      | Reached XP level 4. HP: 23/23 MP: 5/5
   911 | D:2      | Noticed an ogre
   914 | D:2      | Killed an ogre
   914 | D:2      | Reached skill level 7 in Stealth
   914 | D:2      | Reached XP level 5. HP: 26/26 MP: 6/6
  1143 | D:2      | Noticed Natasha
  1150 | D:2      | Killed Natasha
  1349 | D:2      | Found a runed translucent door.
  1350 | D:2      | Noticed Crazy Yiuf
  1654 | D:2      | Killed Crazy Yiuf
  1808 | D:3      | Found a sacrificial altar of Ru.
  1852 | D:3      | Reached XP level 6. HP: 30/32 MP: 7/7
  1888 | D:3      | Reached skill level 1 in Dodging
  2072 | D:3      | Noticed Jessica
  2091 | D:3      | Killed Jessica
  2111 | D:3      | Noticed Ijyb
  2129 | D:3      | Paralysed by Ijyb for 2 turns
  2136 | D:3      | Paralysed by Ijyb for 6 turns
  2145 | D:3      | Killed Ijyb
  2384 | D:3      | Noticed Robin
  2417 | D:3      | Killed Robin
  2614 | D:3      | Reached skill level 8 in Stealth
  2752 | D:4      | Killed from afar by an orc priest

Skill      XL: |  1  2  3  4  5  6 |
---------------+-------------------+-----
Fighting       | 2 |  2.6
Stealth        | 5 6 7 8 |  8.1
Short Blades   | 2 3 |  3.6
Throwing       | 2 |  2.0
Dodging        | 1 |  1.5

Action                   |  1- 3 |  4- 6 || total
-------------------------+-------+-------++-------
Melee: Dagger            |    36 |   220 ||   256
       Bite              |     9 |    62 ||    71
Evoke: Wand              |       |     2 ||     2
  Use: Scroll            |     4 |     4 ||     8
 Stab: Sleeping          |     8 |    15 ||    23
       Paralysed         |       |     1 ||     1
  Eat: Chunk             |       |     5 ||     5
Armor: Robe              |     6 |    70 ||    76
Dodge: Dodged            |    10 |   129 ||   139
